 Dungeon Crawl Stone Soup version 0.31.0-4-g52a2dc7128 (webtiles) character file.

Game seed: 9487269286941156113

36186 Dirian the Severer (level 13, -4/116 (119) HPs)
             Began as a Minotaur Fighter on Jan 22, 2024.
             Was a High Priest of Okawaru.
             Slain by a wyvern (5 damage)
             ... while petrified by a basilisk
             ... on level 3 of the Lair of Beasts.
             The game lasted 00:25:51 (13282 turns).

Dirian the Severer (Minotaur Fighter)              Turns: 13282, Time: 00:25:52

HP:   -4/116 (119)  AC: 19    Str: 26    XL:     13   Next: 51%
MP:   17/17         EV:  2    Int:  5    God:    Okawaru [*****.]
Gold: 1412          SH:  0    Dex: 10    Spells: 12/12 levels left

rFire   . . .        a - +3 broad axe (flame)
rCold   . . .        c - +1 buckler
rNeg    + + +        G - +0 chain mail
rPois   ∞            (helmet restricted)
rElec   .            E - +2 cloak
rCorr   .            A - +0 pair of gloves
SInv    +            (no boots)
Will    .....        x - amulet of the acrobat Stlth
                     m - ring of see invisible
HPRegen 0.39/turn    J - ring of positive energy
MPRegen 0.15/turn

%: acrobat
@: petrified, heroic, lightly drained
A: horns 2, retaliatory headbutt
a: Renounce Religion, Heroism, Finesse, Duel


You were on level 3 of the Lair of Beasts.
You worshipped Okawaru.
Okawaru was extremely pleased with you.
You visited 3 branches of the dungeon, and saw 14 of its levels.
You also visited: Bailey.

You collected 2599 gold pieces.
You spent 1187 gold pieces at shops.

Inventory:

Hand Weapons
 a - a +3 broad axe of flaming (weapon)
 b - a +0 broad axe of flaming
Missiles
 p - 20 boomerangs (quivered)
Armour
 c - a +1 buckler (worn)
 f - a +0 plate armour
 A - a +0 pair of gloves (worn)
 E - a +2 cloak (worn)
 G - a +0 chain mail (worn)
Jewellery
 m - a ring of see invisible (left hand)
 v - a ring of fire
 x - an amulet of the acrobat (around neck)
 J - a ring of positive energy (right hand)
 M - a ring of protection from cold
 N - a +4 ring of slaying
Wands
 e - a wand of paralysis (8)
 C - a wand of polymorph (19)
 K - a wand of iceblast (5)
Scrolls
 g - 4 scrolls of silence
 j - 4 scrolls of poison
 o - 3 scrolls of immolation
 r - 6 scrolls of identify
 t - 4 scrolls of teleportation
 z - 3 scrolls of blinking
 B - 2 scrolls of revelation
 D - 3 scrolls of fog
 H - a scroll of fear
 I - 3 scrolls of enchant armour
Potions
 d - 2 potions of might
 h - 2 potions of haste
 i - 3 potions of invisibility
 k - 2 potions of lignification
 l - 2 potions of ambrosia
 n - 3 potions of resistance
 q - 10 potions of curing
 s - 3 potions of mutation
 u - 5 potions of cancellation
 w - 6 potions of heal wounds
 y - 2 potions of attraction
 F - 2 potions of enlightenment
Miscellaneous
 L - a condenser vane


   Skills:
 + Level 12.6(17.6) Fighting
 - Level 16.0(21.0) Axes
 + Level 8.9(13.9) Throwing
 + Level 11.9(16.9) Armour
 + Level 8.3(13.3) Shields
 * Level 7.3 Invocations


You had 12 spell levels left.
You didn't know any spells.
Your spell library contained the following spells:

 Spells                   Type           Power      Damage    Failure   Level
 Apportation              Tloc           0%         N/A       86%         1
 Necrotise                Necr           0%         1d4       86%         1
 Sting                    Conj/Alch      0%         1d3       86%         1
 Lesser Beckoning         Tloc           0%         N/A       95%         2
 Frozen Ramparts          Ice            0%         1d1       99%         3
 Gell's Gravitas          Tloc           0%         N/A       99%         3
 Stone Arrow              Conj/Erth      0%         3d7       99%         3
 Teleport Other           Tloc           0%         N/A       99%         3
 Leda's Liquefaction      Alch/Erth      0%         N/A       100%        4
 Passage of Golubria      Tloc           0%         N/A       100%        4
 Petrify                  Alch/Erth      0%         N/A       100%        4
 Metabolic Englaciation   Hex/Ice        0%         N/A       100%        5
 Yara's Violent Unravell  Hex/Alch       0%         3d3       100%        5
 Lehudib's Crystal Spear  Conj/Erth      0%         10d2      100%        8
 Summon Small Mammal      Summ           Unusable   N/A       N/A         1
 Tukima's Dance           Hex            Unusable   N/A       N/A         3
 Animate Armour           Summ/Erth      Unusable   N/A       N/A         4

Dungeon Overview and Level Annotations

Branches:
Dungeon (10/15) Zot: 25843  Temple (1/1) D:7 Zot: 5971    Lair (3/5) D:10 Zot: 14511
  Swamp (0/4) Lair:2       Spider (0/4) Lair:2          Orc (0/2) D:10
 Bailey (visited)

Altars:
Ashenzari
Cheibriados
Dithmenos
Elyvilon
Fedhas
Gozag
Hepliaklqana
Kikubaaqudgha
Makhleb
Nemelex Xobeh
Okawaru
Qazlal
Ru
Sif Muna
Trog
Uskayaw
Vehumet
Wu Jian
Xom
Yredelemnul
Zin
The Shining One

Shops:
D:2 [!   D:6 (*   D:10 :

Annotations:
D:5 1 runed translucent door, Crazy Yiuf
D:8 2 transporters, exclusion: ice statue, Crownlay's ghost, novice DjMo


Innate Abilities, Weirdness & Mutations

You have a pair of horns on your head.
You reflexively headbutt those who attack you in melee.


Message History

The basilisk is severely wounded.
You hit the hell rat. You burn the hell rat. The basilisk gazes at you.
You are slowing down.
The hell rat bites you.
* * * LOW HITPOINT WARNING * * *
You feel better. The hell rat bites you.
* * * LOW HITPOINT WARNING * * *
You partially resist.
You feel drained.
The basilisk bites you but does no damage.
The hell rat bites you but does no damage.
Your limbs are stiffening.
You barely miss the basilisk.
The basilisk is severely wounded.
You hit the hell rat. You burn the hell rat. The basilisk gazes at you.
You easily resist.
The hell rat bites you!
* * * LOW HITPOINT WARNING * * *
You partially resist.
You feel drained.
* * * LOW HITPOINT WARNING * * *
You have turned to stone.
The basilisk bites you!
* * * LOW HITPOINT WARNING * * *
The basilisk gazes at you.
You easily resist.
The wyvern bites you but does no damage.
The wyvern bites you!
* * * LOW HITPOINT WARNING * * *
The basilisk bites you but does no damage.
The wyvern bites you!
* * * LOW HITPOINT WARNING * * *
The basilisk bites you but does no damage.
The wyvern bites you but does no damage.
The wyvern bites you!
* * * LOW HITPOINT WARNING * * *
The basilisk bites you but does no damage.
The wyvern bites you but does no damage.
The basilisk bites you but does no damage.
The wyvern bites you!
You die...

#......##<.
#......##..
###.....P...
r..#......... ##
lk..##.....#..
##.#Hr.k. ##....#..
##r..lrr..
###..#... #rk##
##........ ###l@#
#...####.#
####.#..#######...#
...
#......†..........#
...
##...#........#####
#....#†....###
##....†...##
#P##.P#### ## #...
#.#.


You could see a basilisk, a wyvern and 2 hell rats.

Vanquished Creatures
  An orc warlord (Bailey)
  2 hydras (Lair:3)
  2 two-headed ogres
  3 death yaks (Lair:3)
  An orb spider (Lair:2)
  A bog body (Lair:2)
  2 orc knights (Bailey)
  An oklob plant (Lair:2)
  A cyclops (D:10)
  An ugly thing (D:8)
  A manticore (Lair:3)
  3 elephants (Lair:1)
  A black mamba (Lair:1)
  A torpor snail (Lair:1)
  Maggie (D:9)
  11 cane toads
  A komodo dragon (Lair:3)
  4 rime drakes
  A troll (D:10)
  7 blink frogs
  Sigmund (D:2)
  6 wyverns
  Eustachio (D:4)
  21 yaks
  2 basilisks (Lair:3)
  An acid dragon (D:9)
  11 water moccasins
  4 ice beasts
  11 orc warriors
  A sky beast (D:7)
  2 black bears
  3 ogres
  5 centaurs
  11 wolves
  3 phantoms
  15 bullfrogs
  A kobold brigand (D:9)
  4 scorpions
  A burial acolyte (D:9)
  9 wights
  4 electric eels
  7 howler monkeys
  3 bombardier beetles
  5 hounds
  3 orc priests
  A gnoll bouda (D:10)
  5 jellies
  3 sleepcaps
  2 iguanas (D:5)
  Ijyb (D:5)
  7 orc wizards
  7 hell rats (Lair:3)
  A howler monkey zombie (D:9)
  13 gnolls
  8 adders
  A shadow imp (D:5)
  An ufetubus (D:6)
  An adder skeleton (D:2)
  3 dart slugs
  A ribbon worm (D:2)
  38 orcs
  4 ball pythons
  4 endoplasms
  3 giant cockroaches
  16 goblins
  26 hobgoblins
  12 kobolds
  3 quokkas
  A ball python skeleton (D:2)
  10 bats
  3 frilled lizards
  A giant cockroach zombie (D:2)
  A jackal zombie (D:2)
  3 quokka skeletons (D:2)
  7 rats
368 creatures vanquished.

Vanquished Creatures (others)
  A human (D:9)
1 creature vanquished.

Grand Total: 369 creatures vanquished

Notes
Turn   | Place    | Note
-------+----------+-------------------------------------------
     0 | D:1      | Dirian the Minotaur Fighter began the quest for the Orb.
     0 | D:1      | Reached XP level 1. HP: 19/19 MP: 0/0
   174 | D:1      | Reached XP level 2. HP: 25/27 MP: 1/1
   726 | D:2      | Found Huhurol's Antique Armour Emporium.
   808 | D:2      | Reached skill level 3 in Axes
   828 | D:2      | Reached XP level 3. HP: 33/33 MP: 2/2
   871 | D:2      | Found Orghuh's Distillery.
   906 | D:2      | Found Dioqa's Distillery.
  1023 | D:2      | Reached XP level 4. HP: 41/41 MP: 3/3
  1080 | D:2      | Noticed Sigmund
  1083 | D:2      | Killed Sigmund
  1084 | D:2      | Reached skill level 5 in Axes
  1084 | D:2      | Reached XP level 5. HP: 47/47 MP: 4/4
  1428 | D:3      | Reached XP level 6. HP: 55/55 MP: 5/5
  1446 | D:3      | Reached skill level 5 in Fighting
  1450 | D:3      | Found a radiant altar of Vehumet.
  1729 | D:3      | HP: 1/56 [poisoned by an orc]
  2068 | D:3      | Found a broken altar of Ashenzari.
  2213 | D:3      | Found a sacrificial altar of Ru.
  2245 | D:3      | Identified 2 scrolls of acquirement
  2245 | D:3      | Acquired 886 gold pieces
  2246 | D:3      | Acquired 749 gold pieces
  2436 | D:2      | Bought a potion of curing for 33 gold pieces
  2436 | D:2      | Bought a potion of heal wounds for 55 gold pieces
  2436 | D:2      | Bought a potion of might for 44 gold pieces
  2436 | D:2      | Bought a potion of curing for 33 gold pieces
  2436 | D:2      | Bought a potion of invisibility for 88 gold pieces
  2436 | D:2      | Bought 2 potions of berserk rage for 110 gold pieces
  2436 | D:2      | Bought a potion of lignification for 33 gold pieces
  2436 | D:2      | Bought a potion of cancellation for 88 gold pieces
  2436 | D:2      | Bought a potion of ambrosia for 88 gold pieces
  2436 | D:2      | Bought a potion of resistance for 110 gold pieces
  2436 | D:2      | Bought a potion of lignification for 33 gold pieces
  2450 | D:2      | Bought a potion of heal wounds for 70 gold pieces
  2450 | D:2      | Bought a potion of might for 56 gold pieces
  2450 | D:2      | Bought a potion of curing for 42 gold pieces
  2450 | D:2      | Bought a potion of berserk rage for 70 gold pieces
  2450 | D:2      | Bought 2 potions of heal wounds for 140 gold pieces
  2512 | D:2      | Bought a pair of gloves for 94 gold pieces
  2600 | D:4      | Reached skill level 6 in Axes
  2600 | D:4      | Reached skill level 5 in Armour
  2615 | D:4      | Found a basalt altar of Yredelemnul.
  2887 | D:4      | You fall into a shaft and drop 3 floors!
  2899 | D:7      | Noticed a water moccasin
  2903 | D:7      | Killed a water moccasin
  2904 | D:7      | Reached XP level 7. HP: 61/61 MP: 6/6
  2911 | D:7      | Reached skill level 7 in Axes
  3058 | D:7      | Reached skill level 8 in Axes
  3058 | D:7      | Reached XP level 8. HP: 70/70 MP: 7/7
  3131 | D:7      | Reached skill level 5 in Shields
  3197 | D:7      | Reached skill level 9 in Axes
  3244 | D:6      | Found Gozag's Platinum Reserve.
  3250 | D:6      | Found an opulent altar of Gozag.
  3260 | D:6      | Found Rialin's Antique Weapon Shop.
  3290 | D:5      | Entered Level 5 of the Dungeon
  3481 | D:4      | Reached skill level 10 in Axes
  3556 | D:4      | Found an ornate altar of the Wu Jian Council.
  3573 | D:4      | Noticed Eustachio
  3599 | D:4      | Killed Eustachio
  3600 | D:4      | Reached XP level 9. HP: 32/79 MP: 8/8
  3968 | D:5      | Identified the +6 orcbow of Destiny {freeze, rElec rC++}
  4147 | D:5      | Noticed Ijyb
  4156 | D:5      | Killed Ijyb
  4308 | D:5      | Found a runed translucent door.
  4311 | D:5      | Noticed Crazy Yiuf
  4319 | D:5      | Identified the +5 hammer "Sosamino" {spect, rElec rC+ rN++
                  | Dex-3}
  4413 | D:5      | Found a glowing silver altar of Zin.
  4753 | D:6      | Reached skill level 11 in Axes
  5611 | D:7      | Found a staircase to the Ecumenical Temple.
  5658 | Temple   | Entered the Ecumenical Temple
  5672 | Temple   | Became a worshipper of Warmaster Okawaru
  5796 | D:7      | Found a white marble altar of Elyvilon.
  5840 | D:7      | Found a shadowy altar of Dithmenos.
  6237 | D:8      | Found a transporter.
  6290 | D:8      | Found a flagged portal.
  6308 | Bailey   | Entered a bailey
  6335 | Bailey   | Reached skill level 12 in Axes
  6524 | Bailey   | Reached XP level 10. HP: 79/90 MP: 9/9
  6560 | Bailey   | Noticed an orc knight
  6560 | Bailey   | Noticed an orc knight
  6569 | Bailey   | Killed an orc knight
  6579 | Bailey   | Killed an orc knight
  6579 | Bailey   | Reached * piety under Okawaru
  6580 | Bailey   | Reached skill level 1 in Throwing
  6789 | Bailey   | Noticed an orc warlord
  6802 | Bailey   | Reached skill level 13 in Axes
  6810 | Bailey   | Killed an orc warlord
  6810 | Bailey   | Reached ** piety under Okawaru
  6960 | D:8      | Noticed an ice statue
  6960 | D:8      | Noticed a deep elf pyromancer
  6960 | D:8      | Noticed Crownlay's ghost (novice DjMo)
  6974 | D:8      | Noticed a two-headed ogre
  6980 | D:8      | Killed a two-headed ogre
  6981 | D:8      | Reached skill level 10 in Fighting
  6987 | D:8      | Reached *** piety under Okawaru
  7162 | D:8      | Noticed a brown ugly thing
  7180 | D:8      | HP: 4/93 [acid (10)]
  7184 | D:8      | Killed a brown ugly thing
  7404 | D:8      | Found a snail-covered altar of Cheibriados.
  7459 | D:8      | Reached skill level 14 in Axes
  7463 | D:8      | Found a transporter.
  7466 | D:8      | Identified the staff "Daleschu" {*Slow Int+5 Dex+3 Conj
                  | Tloc}
  7466 | D:8      | Noticed a two-headed ogre
  7703 | D:8      | Reached XP level 11. HP: 101/101 MP: 12/12
  7729 | D:9      | Noticed Maggie
  7741 | D:9      | Killed Maggie
  7759 | D:9      | Reached XP level 12. HP: 104/107 MP: 13/13
  7768 | D:9      | Found Aueraf's Alliterative Armaments.
  7770 | D:9      | Found an ancient bone altar of Kikubaaqudgha.
  8591 | D:10     | Entered Level 10 of the Dungeon
  8661 | D:10     | Found a staircase to the Orcish Mines.
  8663 | D:10     | Noticed a two-headed ogre
  8919 | D:10     | Killed a two-headed ogre
  9060 | D:10     | Found a staircase to the Lair.
  9426 | D:10     | Found a sparkling altar of Nemelex Xobeh.
  9525 | D:10     | Found Tugump's Tremendous Tomes.
  9754 | Lair:1   | Entered Level 1 of the Lair of Beasts
  9809 | Lair:1   | Reached skill level 10 in Armour
  9945 | Lair:1   | Reached **** piety under Okawaru
  9949 | Lair:1   | Reached skill level 15 in Axes
 10141 | Lair:1   | Reached skill level 5 in Invocations
 10552 | Lair:1   | Reached ***** piety under Okawaru
 11427 | Lair:2   | Reached skill level 16 in Axes
 11438 | Lair:2   | Reached XP level 13. HP: 101/116 MP: 16/16
 11698 | Lair:2   | Found a hole to the Spider Nest.
 12156 | Lair:2   | Found a staircase to the Swamp.
 13271 | Lair:3   | Received a gift from Okawaru
 13279 | Lair:3   | HP: 3/116 [wyvern (4)]
 13281 | Lair:3   | HP: 1/116 [wyvern (3)]
 13282 | Lair:3   | Slain by a wyvern

Illustrated notes

Levels and vault maps discovered:
D:1:      nagdon_arrival_zigzag_paths, layout_basic, minmay_pentomino_w2
D:2:      layout_loops_ring, serial_undead, serial_undead_e, serial_undead_e,
          serial_undead_c, serial_undead_a, serial_undead_e, serial_shops,
          nicolae_shop_trees, shop, shop, minmay_quantized, uniq_sigmund
D:3:      minmay_general_purpose_star, layout_basic,
          mainiacjoe_overflow_chevrons, nicolae_ru_path_of_blood,
          lemuel_crystal_altar, minmay_fractal_squares_5
D:4:      layout_rooms, mainiacjoe_overflow_paths, nzn_wu_jian_council_hall,
          uniq_eustachio
D:5:      layout_cave_pools, nicolae_overflow_hidden_temple,
          minmay_fractal_squares_gapless_5, uniq_crazy_yiuf_cottage, uniq_ijyb
D:6:      layout_cave_pools, nicolae_gozag_zags_fifth_avenue, serial_glass,
          glass_columns_a, glass_columns_b, serial_shops, shop,
          ebering_dispersal_statue_hall, dk_vineyard_1,
          minmay_increasing_density
D:7:      layout_loops_ring, mainiacjoe_overflow_alcove_2,
          nicolae_elyvilon_temple_path, minmay_temple_entry_poolview
D:8:      layout_basic, kennysheep_mini, nzn_ghost_randoct, enter_bailey_5
D:9:      layout_grid_maze, tgw_kikubaaqudgha, monkooky_shop_alliterative,
          uniq_maggie
D:10:     layout_stronghold, nemelex_spade_bored_becter, lair_entry_dummy,
          david_orc_2, serial_glass, glass_columns_a, glass_columns_b,
          nicolae_shop_i_like_big_books, minmay_sticks_and_stones
Temple:   chequers_temple_sunken
Lair:1:   layout_roguey, st_stairs_5, grunt_megastairs_3
Lair:2:   layout_regular_city, nicolae_swamp_entry_splash_gauntlet,
          nicolae_spider_entry_orb_guardian
Lair:3:   layout_misc_corridors, basic_altar, special_room
          [special_room_mythical_zoo], dpeg_oklob_1, serial_bayou_shore_b,
          serial_bayou_shore_b, serial_bayou_shore_b,
          infiniplex_staircase_pool_2, uniq_nergalle

Skill      XL: |  1  2  3  4  5  6  7  8  9 10 11 12 13 |
---------------+----------------------------------------+-----
Fighting       | 4 5 6 7 8 10 11 12 | 12.6
Shields        | 4 5 6 7 8 |  8.3
Armour         | 4 5 6 7 8 9 10 11 | 11.9
Axes           | 3 5 6 8 10 12 14 16 | 16.0
Throwing       | 8 |  8.9
Invocations    | 2 3 5 7 |  7.3

Action                     |  1- 3 |  4- 6 |  7- 9 | 10-12 | 13-15 || total
---------------------------+-------+-------+-------+-------+-------++-------
  Melee: War axe           |    77 |    91 |   295 |    38 |       ||   501
         Headbutt          |     9 |    12 |    53 |    67 |    27 ||   168
         Broad axe         |       |       |       |   255 |   120 ||   375
  Throw: Boomerang         |       |       |     6 |     4 |    14 ||    24
 Invoke: Heroism           |       |       |       |     8 |     3 ||    11
    Use: Potion            |       |     3 |     3 |     9 |     2 ||    17
         Scroll            |       |    14 |     9 |     6 |       ||    29
 Armour: Scale mail        |    58 |    54 |   152 |       |       ||   264
         Skin              |       |       |     4 |       |       ||     4
         Chain mail        |       |       |       |   216 |   114 ||   330
  Dodge: Dodged            |    39 |    51 |   133 |   147 |    42 ||   412
  Block: Buckler           |    18 |    19 |    68 |   104 |    27 ||   236
